 Dungeon Crawl Stone Soup version 0.24-a0-203-gf0bc1e9 (webtiles) character file.

Game seed: 12186050405291082267

25 Inarius the Skirmisher (level 2, -1/24 HPs)
             Began as a Demonspawn Abyssal Knight on Mar 27, 2019.
             Was a Believer of Lugonu.
             Slain by a kobold
             ... wielding a +1 whip of electrocution
              (13 damage)
             ... on level 1 of the Dungeon.
             The game lasted 00:01:42 (664 turns).

Inarius the Skirmisher (Demonspawn Abyssal Knight)   Turns: 664, Time: 00:01:43

Health: -1/24      AC:  5    Str: 12    XL:     2   Next: 86%
Magic:  4/4        EV: 11    Int: 13    God:    Lugonu [**....]
Gold:   57         SH:  0    Dex: 12    Spells: 1/1 levels left

rFire    . . .     SeeInvis .   a - +1 hand axe
rCold    . . .     Gourm    .   (no shield)
rNeg     . . .     Faith    .   b - +0 leather armour
rPois    .         Spirit   .   (no helmet)
rElec    .         Reflect  .   (no cloak)
rCorr    .         Harm     .   (no gloves)
MR       .....                  (no boots)
Stlth    +.........             k - amulet of inaccuracy (curse)
HPRegen  0.08/turn              d - ring of wizardry
MPRegen  0.09/turn              (no ring)

@: no status effects
A: slimy green scales 1
a: Depart the Abyss, Bend Space, Renounce Religion


You were on level 1 of the Dungeon.
You worshipped Lugonu.
Lugonu was pleased with you.
You were not hungry.

You visited 1 branch of the dungeon, and saw 1 of its levels.
You visited the Abyss 1 time.

You collected 57 gold pieces.

Inventory:

Hand Weapons
 a - a +1 hand axe (weapon)
Armour
 b - a +0 leather armour (worn)
Jewellery
 d - a ring of wizardry (left hand)
 k - a cursed amulet of inaccuracy (around neck)
Potions
 g - a potion of agility {unknown}
 j - 2 potions of ambrosia {unknown}
Comestibles
 c - 4 rations
 f - 3 chunks of flesh


   Skills:
 + Level 3.2 Fighting
 * Level 2.6 Axes
 + Level 1.8 Armour
 + Level 1.0 Dodging
 * Level 2.7 Invocations


You had one spell level left.
You didn't know any spells.
Your spell library was empty.

Dungeon Overview and Level Annotations

Branches:
Dungeon (1/15)

Altars:


Innate Abilities, Weirdness & Mutations

You are partially covered in slimy green scales. (AC +2)


Message History

You miss the hobgoblin.
The hobgoblin is almost dead.
The kobold throws a stone.
The stone hits you. The hobgoblin barely misses you.
Unknown command.
You closely miss the hobgoblin.
The hobgoblin is almost dead.
The kobold throws a stone.
The stone hits you but does no damage.
The hobgoblin hits you but does no damage.
Unknown command.
You barely miss the hobgoblin.
The hobgoblin is almost dead.
The hobgoblin hits you but does no damage.
Unknown command.
You closely miss the hobgoblin.
The hobgoblin is almost dead.
You hit the kobold.
The kobold hits you with a +1 whip of electrocution.
You are electrocuted!
Ouch! That really hurt!
You die...

*,* ***** *,* #.# *,* *,*
#.# *,* *,* #.# *,*
######**,****######.#
**,**###.,...,,,*,,.........
*,,,,,(.....#****,*######...
*,,****#..#K#####.# #.#>
*,,* #...Kg.....# ***#.#.
*,,* #..#@#****** *,,..#.
*,,*####..#.# *,#####
*,,,......#.# *,,..#.
*,****#...#.#### ***#.#. *,*
#........# #.#. *,*
#.###..#.# #...
*.#####.###..#.# ###.
#.......รท....#.# *######.
#######.####.#.# #.......


You could see a hobgoblin and 2 kobolds.

Vanquished Creatures
  A dart slug (D:1)
  3 bats (D:1)
  2 giant cockroaches (D:1)
  3 goblins (D:1)
  2 hobgoblins (D:1)
  3 kobolds (D:1)
  A ball python (D:1)
  2 frilled lizards (D:1)
  6 rats (D:1)
23 creatures vanquished.

Notes
Turn   | Place    | Note
-------+----------+-------------------------------------------
     0 | Abyss:1  | Inarius the Demonspawn Abyssal Knight began the quest for
                  | the Orb.
     0 | Abyss:1  | Reached XP level 1. HP: 18/18 MP: 2/2
    16 | D:1      | Escaped the Abyss
   233 | D:1      | Gained mutation: You are partially covered in slimy green
                  | scales. (AC +2) [demonic ancestry]
   233 | D:1      | Reached XP level 2. HP: 24/24 MP: 3/3
   370 | D:1      | Reached skill level 1 in Dodging
   660 | D:1      | Reached ** piety under Lugonu
   664 | D:1      | Slain by a kobold

Levels and vault maps discovered:
D:1:      wander_arrival_lonely_grave, layout_loops_ring
Abyss:1:  minivault_5

Skill      XL: |  1  2 |
---------------+-------+-----
Axes           | 2 |  2.6
Dodging        | 1 |  1.0
Fighting       | |  3.2
Armour         | |  1.8
Invocations    | |  2.7

Action                   || total
-------------------------++-------
Melee: Hand axe          ||    71
  Use: Scroll            ||     3
Armor: Leather armour    ||    31
Dodge: Dodged            ||    41

Table legend:
 A = Non-vault XP
 B = Vault XP
 C = Vault XP percentage of total XP
 D = Non-vault monster count
 E = Vault monster count
 F = Vault count percentage of total count
                 A         B        C        D         E       F
            +---------+---------+-------+---------+---------+-------
      Total |      37 |       0 |   0.0 |      23 |       0 |   0.0
            +---------+---------+-------+---------+---------+-------
        D:1 |      37 |       0 |   0.0 |      23 |       0 |   0.0
            +---------+---------+-------+---------+---------+-------
